 Dungeon Crawl Stone Soup version 0.23-a0-899-gbbae0a3 (webtiles) character file.

Game seed: 2083525058989347086

2935 Lanoc the Cleaver (level 9, -3/71 HPs)
             Began as a Demonspawn Chaos Knight on Jan 30, 2019.
             Was a Plaything of Xom.
             Killed by divine providence
             ... invoked by a smoke demon
              (12 damage)
             ... on level 2 of the Abyss.
             The game lasted 00:13:38 (5439 turns).

Lanoc the Cleaver (Demonspawn Chaos Knight)         Turns: 5439, Time: 00:13:40

Health: -3/71      AC:  6    Str: 18      XL:     9   Next: 51%
Magic:  18/18      EV: 19    Int: 15      God:    Xom [......]
Gold:   460        SH:  0    Dex: 12 (13) Spells: 8/8 levels left

rFire    + . .     SeeInvis .   a - +1 hand axe (flame)
rCold    . . .     Gourm    .   (no shield)
rNeg     . . .     Faith    .   y - +3 leather armour {MR+}
rPois    .         Spirit   .   (helmet restricted)
rElec    .         Reflect  .   (no cloak)
rCorr    .         Harm     .   (no gloves)
MR       +....                  (no boots)
Stlth    +.........             (no amulet)
HPRegen  0.21/turn              d - ring of magical power
MPRegen  0.16/turn              f - +3 ring of strength

@: agile, liquid flames, glowing
A: horns 2, talons 1, blurry vision 2, clumsy 2, deterioration 1, fire
resistance 1, screaming 1, spiny 1, MP-powered wands, sturdy frame 2
a: Renounce Religion


You were on level 2 of the Abyss.
You worshipped Xom.
You were a very special plaything of Xom.
You were hungry.

You visited 2 branches of the dungeon, and saw 8 of its levels.
You visited the Abyss 1 time.

You collected 460 gold pieces.

Inventory:

Hand Weapons
 a - a +1 hand axe of flaming (weapon)
Armour
 y - a +3 leather armour of magic resistance (worn)
Jewellery
 d - a ring of magical power (left hand)
 f - a +3 ring of strength (right hand)
Wands
 b - a wand of paralysis (11)
 l - a wand of disintegration (12)
 m - a wand of scattershot (6)
 w - a wand of flame (25)
Scrolls
 e - a scroll of fear
 g - 3 scrolls of amnesia
 i - a scroll of teleportation
 n - 2 scrolls of remove curse
 p - 2 scrolls of identify
 q - 3 scrolls of immolation
 s - a scroll of enchant armour
Potions
 h - 2 potions of invisibility
 k - a potion of flight
 o - a potion of brilliance
 r - a potion of curing
 x - a potion of lignification
Comestibles
 c - 16 rations


   Skills:
 + Level 6.7 Fighting
 * Level 8.1 Axes
 + Level 5.6 Armour
 + Level 5.4 Dodging


You had 8 spell levels left.
You didn't know any spells.
Your spell library contained the following spells:

 Spells                   Type           Power        Failure   Level  Hunger
 Magic Dart               Conj           #...         26%         1    ##.....
 Blink                    Tloc           N/A          38%         2    ###....
 Call Imp                 Summ           #.......     38%         2    ###....
 Slow                     Hex            #.......     38%         2    ###....
 Conjure Flame            Conj/Fire      #.......     63%         3    ####...
 Mephitic Cloud           Conj/Pois/Air  #.......     63%         3    ####...


Dungeon Overview and Level Annotations

Branches:
Dungeon (7/15)             Temple (1/1) D:4

Altars:
Ashenzari
Cheibriados
Dithmenos
Fedhas
Gozag
Hepliaklqana
Kikubaaqudgha
Makhleb
Nemelex Xobeh
Okawaru
Qazlal
Sif Muna
Uskayaw
Vehumet
Wu Jian
Xom
Yredelemnul
Zin
The Shining One

Shops:
D:7 (

Annotations:
D:6 2 transporters, varaam's ghost, amateur DEAE


Innate Abilities, Weirdness & Mutations

You have sharp toenails.
Your flesh is heat resistant. (rF+)
You are partially covered in sharp spines.
Your movements are less encumbered by armour. (ER -4)
You have a pair of horns on your head.
Scrolls take you longer to read.
You are very clumsy. (Dex -4)
Your body sometimes deteriorates upon taking damage.
You occasionally shout uncontrollably at your foes.
You expend magic power (3 MP) to strengthen your wands.


Message History

The starcursed mass shudders and is absorbed by its neighbour.
You hit the smoke demon but do no damage.
You hit the starcursed mass. You burn the starcursed mass.
The starcursed mass shudders and is absorbed by its neighbour.
You are covered in liquid flames!
* * * LOW HITPOINT WARNING * * *
A starcursed mass splits.
A chorus of shrieks assaults your mind.
* * * LOW HITPOINT WARNING * * *
The smoke demon gestures at you. You resist. The ball of steam hits you!
* * * LOW HITPOINT WARNING * * *
You feel better.
You are covered in liquid flames!
* * * LOW HITPOINT WARNING * * *
The starcursed mass barely misses you. The smoke demon gestures at you.
Something smites you!
You die...
Xom chortles!

. .##. ...#.#
...#. .. ... #
.#.##...... ....
....##..#..#.....
. ......##......
.. .. .
#........#.....#
.. .###.
....###...## ..
....#.#..§.#.....#
..###..#.§.......
. ##.X@.......
.... #.#3X......?.
. . #....=..#...
..##....###.. #.#
#..... .. .
....... ........
..........


You could see 2 starcursed masses and a smoke demon.

Vanquished Creatures
  Grinder (D:4)
  A small abomination (Abyss:2)
  Eustachio (D:4)
  Menkaure (D:4)
  Edmund (D:6)
  Duvessa (D:6)
  2 ice beasts
  A phantom (D:7)
  2 ogres (D:4)
  5 centaurs
  A big kobold (D:7)
  3 bullfrogs
  Blork the orc (D:6)
  2 scorpions
  Dowan (D:6)
  5 killer bees
  A crimson imp (D:5)
  A gnoll shaman (D:7)
  2 hounds
  An orc priest (D:6)
  2 iguanas
  3 worker ants
  2 hound zombies (D:7)
  8 adders
  11 gnolls
  A shadow imp (D:7)
  An ooze (D:1)
  An adder zombie (D:6)
  A worm (D:4)
  3 dart slugs
  6 leopard geckos
  12 orcs
  3 ball pythons
  6 bats
  8 giant cockroaches
  10 goblins
  4 hobgoblins
  2 jackals (D:1)
  15 kobolds
  A quokka (D:3)
  5 frilled lizards
  A jackal zombie (D:6)
  A leopard gecko skeleton (D:4)
  A leopard gecko zombie (D:7)
  A quokka skeleton (D:7)
  6 rats
149 creatures vanquished.

Vanquished Creatures (others)
  6 plants (D:6)
6 creatures vanquished.

Grand Total: 155 creatures vanquished

Notes
Turn   | Place    | Note
-------+----------+-------------------------------------------
     0 | D:1      | Lanoc the Demonspawn Chaos Knight began the quest for the
                  | Orb.
     0 | D:1      | Reached XP level 1. HP: 18/18 MP: 1/1
    10 | D:1      | Reached skill level 1 in Dodging
    78 | D:1      | Gained mutation: Your movements are slightly less
                  | encumbered by armour. (ER -2) [demonic ancestry]
    78 | D:1      | Reached XP level 2. HP: 18/24 MP: 2/2
   374 | D:1      | XOM: divination: detect items
   413 | D:1      | Reached XP level 3. HP: 27/29 MP: 3/3
   673 | D:2      | Reached skill level 3 in Axes
   844 | D:2      | XOM: harmless Erth miscast
   849 | D:2      | Gained mutation: You are partially covered in sharp spines.
                  | [demonic ancestry]
   849 | D:2      | Reached XP level 4. HP: 24/35 MP: 4/4
   945 | D:2      | Found a glowing silver altar of Zin.
   949 | D:2      | XOM: cloud trail
   956 | D:2      | XOM: divination: detect items
  1195 | D:2      | XOM: divination: magic mapping
  1351 | D:3      | Reached XP level 5. HP: 32/42 MP: 5/5
  1783 | D:4      | Noticed Menkaure
  1785 | D:4      | XOM: polymorph worm -> iguana
  1790 | D:4      | XOM: enchant monster (good)
  1794 | D:4      | Killed Menkaure
  1794 | D:4      | Reached skill level 4 in Axes
  1794 | D:4      | Gained mutation: Your movements are less encumbered by
                  | armour. (ER -4) [demonic ancestry]
  1794 | D:4      | Reached XP level 6. HP: 25/48 MP: 6/6
  1844 | D:4      | XOM: smoke on damage
  2065 | D:4      | Noticed Grinder
  2071 | D:4      | Paralysed by Grinder for 5 turns
  2084 | D:4      | Gained mutation: You have a pair of small horns on your
                  | head. [potion of mutation]
  2084 | D:4      | Gained mutation: You are dopey. (Int -2) [potion of
                  | mutation]
  2084 | D:4      | Gained mutation: Scrolls take you a little longer to read.
                  | [potion of mutation]
  2084 | D:4      | Gained mutation: Your spells are a little harder to cast,
                  | but a little more powerful. [potion of mutation]
  2085 | D:4      | Killed Grinder
  2085 | D:4      | Reached skill level 5 in Axes
  2085 | D:4      | Gained mutation: You have sharp toenails. [demonic
                  | ancestry]
  2085 | D:4      | Reached XP level 7. HP: 42/55 MP: 7/7
  2119 | D:4      | XOM: cloud trail
  2203 | D:4      | Found a staircase to the Ecumenical Temple.
  2219 | Temple   | Entered the Ecumenical Temple
  2401 | D:4      | XOM: smoke on damage
  2500 | D:4      | Noticed Eustachio
  2506 | D:4      | XOM: destruction
  2521 | D:4      | Killed Eustachio
  2716 | D:5      | Entered Level 5 of the Dungeon
  2775 | D:5      | Reached skill level 5 in Fighting
  2949 | D:5      | Found a snail-covered altar of Cheibriados.
  2954 | D:5      | XOM: summons 5 friendly demons
  2955 | D:5      | XOM: smoke on damage
  3005 | D:5      | XOM: noise
  3011 | D:5      | Gained mutation: Your flesh is heat resistant. (rF+)
                  | [demonic ancestry]
  3011 | D:5      | Reached XP level 8. HP: 40/62 MP: 8/8
  3044 | D:5      | Reached skill level 6 in Axes
  3192 | D:5      | XOM: harmless Pois miscast
  3500 | D:5      | XOM: summons 3 hostile shadow creatures
  3584 | D:5      | Found a burning altar of Makhleb.
  3584 | D:5      | Found a stormy altar of Qazlal.
  3594 | D:5      | XOM: give mutations
  3594 | D:5      | Lost mutation: You are dopey. (Int -2) [Xom's mischief]
  3594 | D:5      | Gained mutation: You occasionally shout uncontrollably at
                  | your foes. [Xom's mischief]
  3594 | D:5      | Gained mutation: You are frail. (-10% HP) [Xom's mischief]
  3594 | D:5      | Gained mutation: You expend magic power (3 MP) to
                  | strengthen your wands. [Xom's mischief]
  3624 | D:5      | XOM: harmless Tmut miscast
  3647 | D:6      | Found a deep blue altar of Sif Muna.
  3696 | D:6      | Noticed Blork the orc
  3708 | D:6      | Noticed Edmund
  3709 | D:6      | Killed Blork the orc
  3711 | D:6      | Noticed Duvessa
  3713 | D:6      | Noticed Dowan
  3806 | D:5      | XOM: harmless Tmut miscast
  3855 | D:6      | Killed Dowan
  3990 | D:6      | XOM: confusion (+ monsters)
  4007 | D:6      | Killed Duvessa
  4007 | D:6      | Reached skill level 7 in Axes
  4158 | D:6      | Killed Edmund
  4158 | D:6      | Reached skill level 5 in Armour
  4225 | D:6      | XOM: harmless Tloc miscast
  4403 | D:6      | Found a transporter.
  4404 | D:6      | Found a transporter.
  4409 | D:6      | Identified the ring "Dolum" {Str+3 Stlth-}
  4410 | D:6      | Noticed varaam's ghost (amateur DEAE)
  4534 | D:6      | Reached XP level 9. HP: 44/62 MP: 9/9
  4548 | D:6      | XOM: give mutations
  4548 | D:6      | Lost mutation: You are frail. (-10% HP) [Xom's mischief]
  4548 | D:6      | Gained mutation: You are clumsy. (Dex -2) [Xom's mischief]
  4639 | D:6      | XOM: give mutations
  4639 | D:6      | Gained mutation: You have a pair of horns on your head.
                  | [Xom's mischief]
  4639 | D:6      | Lost mutation: Your spells are a little harder to cast, but
                  | a little more powerful. [Xom's mischief]
  4639 | D:6      | Gained mutation: Your body sometimes deteriorates upon
                  | taking damage. [Xom's mischief]
  4639 | D:6      | Gained mutation: Scrolls take you longer to read. [Xom's
                  | mischief]
  4644 | D:6      | XOM: give mutations
  4644 | D:6      | Gained mutation: You are very clumsy. (Dex -4) [Xom's
                  | mischief]
  4644 | D:6      | Gained mutation: Your muscles are strong. (Str +2) [Xom's
                  | mischief]
  4644 | D:6      | Lost mutation: Your muscles are strong. (Str +2) [Xom's
                  | mischief]
  4703 | D:7      | Reached skill level 5 in Dodging
  4864 | D:7      | XOM: torment (34/71 hp)
  5072 | D:7      | XOM: summons 3 hostile shadow creatures
  5149 | D:7      | Found a shimmering altar of Xom.
  5259 | D:7      | Found Voido's Antique Weapon Emporium.
  5372 | D:7      | Found an opulent altar of Gozag.
  5377 | D:7      | XOM: medium Tloc miscast
  5377 | D:7      | Cast into level 2 of the Abyss (the capriciousness of Xom)
  5409 | Abyss:2  | XOM: swap monsters
  5420 | Abyss:2  | Reached skill level 8 in Axes
  5431 | Abyss:2  | Noticed a starcursed mass
  5432 | Abyss:2  | Noticed a smoke demon
  5432 | Abyss:2  | XOM: blink monster(s)
  5439 | Abyss:2  | Killed from afar by a smoke demon

Vault maps used:
D:1:      eino_arrival_druids_welcome, kennysheep_decorative_pillar
D:2:      zin_statuary, minmay_worlds_worst_comb
D:3:      first_ration
D:4:      minmay_angry_zag, minmay_temple_entry_statues_fountains,
          uniq_menkaure, uniq_eustachio, uniq_grinder
D:5:      kennysheep_mini_moat, gammafunk_temple_overflow_statue,
          minmay_misc_feat_iff
D:6:      gammafunk_ghost_gnarly_gnolls, basic_altar, uniq_edmund, uniq_duvessa,
          uniq_blork_the_orc
D:7:      marbit_many_paths, kennysheep_mini, serial_shops,
          nicolae_shop_behind_doors
Temple:   dshaligram_water_room_temple
Abyss:2:  evilmike_abyss_exit_plants

Skill      XL: |  1  2  3  4  5  6  7  8  9 |
---------------+----------------------------+-----
Dodging        | 1 2 3 4 5 |  5.4
Armour         | 2 3 4 5 |  5.6
Axes           | 3 4 5 7 8 |  8.1
Fighting       | 4 5 6 |  6.7

Action                   |  1- 3 |  4- 6 |  7- 9 || total
-------------------------+-------+-------+-------++-------
Melee: Hand axe          |   102 |    69 |   215 ||   386
       Kick              |       |       |    64 ||    64
       Headbutt          |       |       |    32 ||    32
  Use: Potion            |       |     5 |     4 ||     9
       Scroll            |       |       |    16 ||    16
 Stab: Sleeping          |       |     4 |       ||     4
       Paralysed         |       |     4 |       ||     4
       Confused          |       |       |     3 ||     3
  Eat: Chunk             |       |     2 |    12 ||    14
Armor: Leather armour    |    40 |    24 |    39 ||   103
Dodge: Dodged            |    76 |    31 |   133 ||   240

Table legend:
 A = Non-vault XP
 B = Vault XP
 C = Vault XP percentage of total XP
 D = Non-vault monster count
 E = Vault monster count
 F = Vault count percentage of total count
                 A         B        C        D         E       F
            +---------+---------+-------+---------+---------+-------
      Total |    2919 |    1275 |  30.4 |     131 |      18 |  12.1
            +---------+---------+-------+---------+---------+-------
        D:1 |      45 |       0 |   0.0 |      23 |       0 |   0.0
        D:2 |      93 |       8 |   7.9 |      26 |       4 |  13.3
        D:3 |      61 |       0 |   0.0 |      12 |       0 |   0.0
        D:4 |     196 |     787 |  80.1 |       9 |       9 |  50.0
        D:5 |     661 |       0 |   0.0 |      14 |       0 |   0.0
        D:6 |     567 |     460 |  44.8 |      17 |       4 |  19.0
        D:7 |    1051 |      20 |   1.9 |      29 |       1 |   3.3
    Abyss:2 |     245 |       0 |   0.0 |       1 |       0 |   0.0
            +---------+---------+-------+---------+---------+-------
